 Dungeon Crawl Stone Soup version 0.24.0-1-gfbc8707 (webtiles) character file.

Game seed: 5470294017855743740, levelgen mode: deterministic

1129 ChiliFlavouring the Skirmisher (level 8, -8/68 HPs)
             Began as a Formicid Fighter on Oct 26, 2019.
             Was a Follower of Cheibriados.
             Mangled by an orc warrior
             ... wielding a +3 mace of protection
              (20 damage)
             ... on level 5 of the Dungeon.
             The game lasted 00:14:26 (5986 turns).

ChiliFlavouring the Skirmisher (Formicid Fighter)   Turns: 5986, Time: 00:14:26

Health: -8/68      AC:  6    Str: 25    XL:     8   Next: 62%
Magic:  11/11      EV:  8    Int: 10    God:    Cheibriados [*.....]
Gold:   246        SH: 10    Dex: 12    Spells: 7/7 levels left

rFire    . . .     SeeInvis +   a - +0 quarterstaff
rCold    . . .     Gourm    .   c - +0 shield
rNeg     . . .     Faith    .   b - +0 scale mail
rPois    .         Spirit   .   (helmet unavailable)
rElec    .         Reflect  .   (no cloak)
rCorr    +         Harm     .   (no gloves)
MR       .....                  (no boots)
Stlth    ..........             (no amulet)
HPRegen  0.21/turn              i - ring of resist corrosion
MPRegen  0.12/turn              (no ring)

@: very slow
A: permanent stasis, dig shafts and tunnels, four strong arms, antennae 3
a: Dig, Shaft Self, Bend Time, Renounce Religion


You were on level 5 of the Dungeon.
You worshipped Cheibriados.
Cheibriados was aware of your devotion.
You were not hungry.

You visited 1 branch of the dungeon, and saw 5 of its levels.

You collected 246 gold pieces.

Inventory:

Hand Weapons
 a - a +0 quarterstaff (weapon)
 v - a +0 whip of electrocution
Missiles
 d - 18 poisoned darts (quivered)
Armour
 b - a +0 scale mail (worn)
 c - a +0 shield (worn)
Jewellery
 i - a ring of resist corrosion (left hand)
 r - a cursed amulet of harm
 u - a +2 ring of dexterity {unknown}
 w - an uncursed ring of protection from cold
Scrolls
 e - 2 scrolls of random uselessness
 g - 3 scrolls of fog
 h - a scroll of noise {unknown}
 k - 2 scrolls of remove curse
 l - 2 scrolls of amnesia {unknown}
 m - a scroll of identify
 n - 2 scrolls of enchant armour {unknown}
 q - a scroll of teleportation
Potions
 j - a potion of mutation {unknown}
 o - a potion of degeneration {unknown}
 p - a potion of haste {unknown}
 s - a potion of heal wounds {unknown}
 t - a potion of curing {unknown}
Comestibles
 f - 6 rations
 x - 4 chunks of flesh


   Skills:
 + Level 7.6 Fighting
 + Level 6.5 Staves
 - Level 3.2 Armour
 - Level 3.6 Shields
 + Level 4.1 Invocations


You had 7 spell levels left.
You didn't know any spells.
Your spell library contained the following spells:

 Spells                   Type           Power        Failure   Level  Hunger
 Corpse Rot               Necr           N/A          99%         2    ###....
 Sublimation of Blood     Necr           #.........   99%         2    ###....
 Agony                    Necr           #.......     100%        5    ######.
 Bolt of Draining         Conj/Necr      #.........   100%        5    ######.
 Dispel Undead            Necr           #.......     100%        5    ######.
 Excruciating Wounds      Chrm/Necr      #.........   100%        5    ######.


Dungeon Overview and Level Annotations

Branches:
Dungeon (5/15)             Temple (0/1) D:5

Altars:
Ashenzari
Cheibriados
Hepliaklqana
Kikubaaqudgha
Nemelex Xobeh
Qazlal
Ru

Shops:
D:4 !

Annotations:
D:2 1 runed translucent door, Crazy Yiuf


Innate Abilities, Weirdness & Mutations

You cannot be hasted, slowed, berserked, paralysed or teleported.
You can dig through walls and to a lower floor.
Your four strong arms can wield two-handed weapons with a shield.
You have a pair of large antennae on your head. (SInv)


Message History

The orc warrior is heavily wounded.
You block the orc warrior's attack.
You hit the orc warrior but do no damage.
The orc warrior is heavily wounded.
You hit the orc warrior but do no damage.
The orc warrior is heavily wounded.
The orc warrior hits you with a +3 mace of protection!!
You hit the orc warrior but do no damage.
The orc warrior is heavily wounded.
The orc warrior hits you with a +3 mace of protection!
You are too injured to fight recklessly!
You are too injured to fight recklessly!
The orc warrior hits you with a +3 mace of protection!
* * * LOW HITPOINT WARNING * * *
Press: ? - help, v - describe, . - travel
Here: an orc warrior, wielding a +3 mace of protection and wearing a +0 chain mail (heavily wounded)
The floor, spattered with blood.
You block the orc warrior's attack.
The orc warrior hits you with a +3 mace of protection!!
You die...

.......#............# #.....
...................## #.....
........##....#...########.....
........####..##........<......
.......## #......##..#...#.....
#.##### #.####......[###..... #
#......>..#### #.....
#####.###....## #.####
#####.......@##.## ##.#
...........o....#######..##
.>.......................###
.#####.........#####...#.....#
...>..........................
#####........####........>...
#........# #............
#........# #..[.........
#........# ##...[......#


You could see an orc warrior.

Vanquished Creatures
  A hippogriff (D:5)
  Grinder (D:3)
  A phantom (D:5)
  An ogre (D:4)
  An ice beast (D:5)
  A howler monkey (D:5)
  A bullfrog zombie (D:5)
  A bullfrog skeleton (D:3)
  A hound (D:5)
  An orc priest (D:5)
  A gnoll shaman (D:5)
  Natasha (thrice) (D:2)
  2 worker ants
  An orc wizard (D:5)
  A hound skeleton (D:4)
  8 adders
  An adder skeleton (D:4)
  A worm (D:2)
  A leopard gecko (D:1)
  11 orcs
  6 giant cockroaches
  3 goblins
  5 hobgoblins
  4 jackals (D:3)
  A quokka (D:2)
  A ball python (D:1)
  3 bats
  4 frilled lizards
  4 kobolds
  11 rats
82 creatures vanquished.

Notes
Turn   | Place    | Note
-------+----------+-------------------------------------------
     0 | D:1      | ChiliFlavouring the Formicid Fighter began the quest for
                  | the Orb.
     0 | D:1      | Reached XP level 1. HP: 18/18 MP: 1/1
   247 | D:1      | Reached XP level 2. HP: 24/24 MP: 2/2
   904 | D:2      | Noticed Natasha
   911 | D:2      | Killed Natasha
   911 | D:2      | Reached skill level 4 in Fighting
   911 | D:2      | Reached XP level 3. HP: 16/30 MP: 3/3
  1074 | D:2      | Reached XP level 4. HP: 36/37 MP: 4/4
  1329 | D:2      | Found a runed translucent door.
  1330 | D:2      | Noticed Crazy Yiuf
  1380 | D:2      | Found a shattered altar of Ashenzari.
  1529 | D:2      | Noticed Natasha
  1540 | D:2      | Killed Natasha
  1540 | D:2      | Reached XP level 5. HP: 22/43 MP: 5/5
  2089 | D:2      | Noticed Natasha
  2110 | D:2      | Killed Natasha
  2110 | D:2      | Reached skill level 5 in Fighting
  2428 | D:3      | Noticed Grinder
  2445 | D:3      | HP: 2/44 [Grinder (3)]
  3027 | D:4      | Found Astreolu's Distillery.
  3135 | D:4      | Found a sacrificial altar of Ru.
  3305 | D:4      | Noticed an ogre
  3491 | D:3      | Reached XP level 6. HP: 31/51 MP: 6/6
  3624 | D:3      | Found a hazy altar of Hepliaklqana.
  3909 | D:3      | Killed Grinder
  3909 | D:3      | Reached skill level 6 in Fighting
  3909 | D:3      | Reached skill level 5 in Staves
  3909 | D:3      | Reached XP level 7. HP: 39/58 MP: 7/7
  4393 | D:4      | Found a snail-covered altar of Cheibriados.
  4400 | D:4      | Found a sparkling altar of Nemelex Xobeh.
  4439 | D:4      | Became a worshipper of Cheibriados the Contemplative
  4501 | D:4      | Found a stormy altar of Qazlal.
  4856 | D:4      | Reached skill level 1 in Invocations
  5021 | D:5      | Entered Level 5 of the Dungeon
  5021 | D:5      | Noticed a hippogriff
  5237 | D:5      | Killed a hippogriff
  5237 | D:5      | Reached skill level 7 in Fighting
  5237 | D:5      | Reached XP level 8. HP: 21/67 MP: 9/9
  5517 | D:5      | Found an ancient bone altar of Kikubaaqudgha.
  5914 | D:5      | Found a staircase to the Ecumenical Temple.
  5924 | D:5      | Reached * piety under Cheibriados
  5986 | D:5      | Mangled by an orc warrior

Levels and vault maps discovered:
D:1:      shiori_arrival_elements, layout_basic, st_stairs_13,
          hangedman_decor_peaks_small
D:2:      layout_basic, ashenzari_conservatory_becter,
          chequers_serial_rivers_large_a, minmay_misc_feat_square,
          minmay_pentomino_q4, uniq_natasha, uniq_crazy_yiuf_cottage
D:3:      layout_basic, lemuel_crystal_altar, uniq_grinder
D:4:      layout_loops_ring, nicolae_overflow_hidden_temple,
          nicolae_qazlal_general_emergency, amethyst_overflow_temple_binary,
          serial_shops, shop
D:5:      layout_rooms, old_standard_altar, kennysheep_little_box,
          minmay_temple_entry_offerings, first_ration, minmay_manual_maat

Skill      XL: |  1  2  3  4  5  6  7  8 |
---------------+-------------------------+-----
Fighting       | 4 5 6 7 |  7.6
Staves         | 3 4 5 6 |  6.5
Invocations    | 2 4 |  4.1
Armour         | |  3.2
Shields        | |  3.6

Action                   |  1- 3 |  4- 6 |  7- 9 || total
-------------------------+-------+-------+-------++-------
Melee: Quarterstaff      |    58 |   160 |   148 ||   366
Throw: Dart              |       |     3 |     2 ||     5
 Abil: Dig               |       |     2 |       ||     2
  Use: Scroll            |       |     1 |     5 ||     6
       Potion            |       |     1 |       ||     1
  Eat: Chunk             |       |     9 |     8 ||    17
Armor: Scale mail        |    29 |    48 |    39 ||   116
Dodge: Dodged            |    16 |    39 |    42 ||    97
Block: Shield            |    23 |    66 |    52 ||   141
